 Seeded DCSS version 0.30-a0-159-g068b764562 (webtiles) character file.

Game seed: 18053537605390411477 (custom seed)

1881 Hubris850 the Skirmisher (level 9, -6/68 HPs)
             Began as a Hill Orc Hunter on Sept 27, 2022.
             Mangled by a gnoll sergeant
             ... wielding a +0 spear
              (8 damage)
             ... on level 6 of the Dungeon.
             The game lasted 00:11:47 (5004 turns).

Hubris850 the Skirmisher (Hill Orc Hunter)          Turns: 5004, Time: 00:11:48

Health: -6/68      AC:  7    Str: 14    XL:     9   Next: 14%
Magic:  9/9        EV: 12    Int:  7    God:
Gold:   418        SH:  0    Dex: 18    Spells: 8/8 levels left

rFire   . . .      SeeInvis +    b - +9 heavy crossbow "Sniper" {vorpal, Acc+∞ SInv}
rCold   + . .      Faith    .    (shield currently unavailable)
rNeg    . . .      Spirit   .    x - +2 leather armour {Will+}
rPois   +          Reflect  .    t - +0 helmet
rElec   .          Harm     .    (no cloak)
rCorr   .          Rampage  .    o - +0 pair of gloves
Will    +....                    (no boots)
Stlth   ++........               (no amulet)
HPRegen 0.21/turn                e - ring of protection from cold
MPRegen 0.11/turn                w - ring of poison resistance

@: no status effects
A: dopey 1, MP-powered wands
a: no special abilities


You were on level 6 of the Dungeon.
You visited 1 branch of the dungeon, and saw 6 of its levels.
You also visited: Sewer.

You collected 418 gold pieces.

Inventory:

Hand Weapons
 a - a +4 hand axe
 b - the +9 heavy crossbow "Sniper" (weapon) {vorpal, Acc+∞ SInv}
   (You found it on level 3 of the Dungeon)

   Any ammunition fired from it inflicts extra damage upon your enemies.
   Any ammunition fired from it never misses its target.
   SInv:      It lets you see invisible.
 s - a +0 shortbow
Missiles
 F - 5 curare-tipped darts
Armour
 c - a +0 leather armour
 o - a +0 pair of gloves (worn)
 t - a +0 helmet (worn)
 x - a +2 leather armour of willpower (worn)
 y - a scarf of shadows
Jewellery
 e - a ring of protection from cold (left hand)
 w - a ring of poison resistance (right hand)
Scrolls
 g - 2 scrolls of butterflies {unknown}
 j - 7 scrolls of teleportation {unknown}
 m - 4 scrolls of identify {unknown}
 n - 2 scrolls of enchant armour {unknown}
 p - a scroll of amnesia {unknown}
 r - a scroll of immolation
 u - 3 scrolls of fear {unknown}
 v - a scroll of vulnerability {unknown}
 A - 2 scrolls of enchant weapon {unknown}
 C - 3 scrolls of noise {unknown}
Potions
 d - 2 potions of mutation
 f - 2 potions of invisibility {unknown}
 h - 2 potions of berserk rage
 i - a potion of flight {unknown}
 k - a potion of heal wounds {unknown}
 l - 2 potions of curing {unknown}
 q - 2 potions of haste {unknown}
 z - a potion of might
 B - 2 potions of magic {unknown}
 D - 2 potions of cancellation {unknown}
 E - a potion of experience {unknown}


   Skills:
 - Level 2.4 Fighting
 + Level 11.2 Ranged Weapons
 - Level 1.5 Dodging
 - Level 0.7 Stealth


You had 8 spell levels left.
You didn't know any spells.
Your spell library contained the following spells:

 Spells                   Type           Power      Damage    Failure   Level
 Sandblast                Erth           0%         2d4       52%         1
 Passwall                 Tmut/Erth      0%         N/A       65%         2
 Call Canine Familiar     Summ           0%         N/A       87%         3
 Portal Projectile        Hex/Tloc       0%         N/A       87%         3
 Stone Arrow              Conj/Erth      0%         3d7       87%         3
 Leda's Liquefaction      Hex/Erth       0%         N/A       99%         4


Dungeon Overview and Level Annotations

Branches:
Dungeon (6/15)             Temple (0/1) D:4           Sewer (visited)

Altars:
Trog

Shops:
D:1 =!=


Innate Abilities, Weirdness & Mutations

You are dopey. (Int -2)
You expend magic power (3 MP) to strengthen your wands.


Message History

The gnoll hits you with a +0 flail!
The gnoll hits you from afar with a +0 spear of venom.
The gnoll sergeant hits you but does no damage.
The gnoll hits you with a +0 flail.
The gnoll sergeant hits you from afar with a +0 spear.
The gnoll hits you but does no damage. The gnoll closely misses you.
The gnoll hits you from afar with a +0 spear of venom.
The gnoll sergeant hits you but does no damage.
The gnoll attacks as you move away! The gnoll hits you but does no damage.
You are too injured to fight recklessly!
You are too injured to fight recklessly!
Fire: b) +9 heavy crossbow "Sniper" {vorpal, Acc+∞ SInv}
Press: ? - help, Q - select action, (/) - cycle Shift-Dir - straight line, f - gnoll
Aim: a gnoll, wielding a +0 flail (100% to hit)
You shoot a bolt.
The bolt hits the gnoll but does no damage.
The gnoll hits you with a +0 flail. The gnoll sergeant closely misses you.
The gnoll barely misses you.
The gnoll sergeant hits you from afar with a +0 spear.
* * * LOW HITPOINT WARNING * * *
Fire: b) +9 heavy crossbow "Sniper" {vorpal, Acc+∞ SInv}
Press: ? - help, Q - select action, (/) - cycle Shift-Dir - straight line, f/p - gnoll
Aim: a gnoll, wielding a +0 flail (100% to hit)
You shoot a bolt. The bolt hits the gnoll.
The gnoll is lightly wounded.
The gnoll hits you but does no damage.
The gnoll sergeant hits you from afar with a +0 spear.
* * * LOW HITPOINT WARNING * * *
The gnoll sergeant hits you from afar with a +0 spear!
* * * LOW HITPOINT WARNING * * *
The gnoll closely misses you.
Fire: b) +9 heavy crossbow "Sniper" {vorpal, Acc+∞ SInv}
Press: ? - help, Q - select action, (/) - cycle Shift-Dir - straight line, f/p - gnoll
Aim: a gnoll, wielding a +0 flail (lightly wounded, 100% to hit)
You shoot a bolt. The bolt hits the gnoll!
You kill the gnoll!
The gnoll sergeant hits you from afar with a +0 spear.
* * * LOW HITPOINT WARNING * * *
The gnoll sergeant hits you from afar with a +0 spear!
You die...

.....#.†.....# ####
##.############# ....
##.####........### ####
#....##..........#
#....##........#.###....
#....###.#######.#.....
#.(.......# #.#....
#.........# #.#.?.
##.##.....# #@#..#
#.##.....# #)#gg#
#.##.....######g#).# #.
#####.....##g...#
#####.####.......
#.....# ###.#.# ##....#
# #....# #....#


You could see a gnoll sergeant and a gnoll.

Vanquished Creatures
  Prince Ribbit (D:6)
  A wyvern (D:5)
  A black bear (D:5)
  An ice beast (D:5)
  A centaur (D:5)
  An ogre (D:6)
  A phantom (D:5)
  2 kobold brigands (Sewer)
  A necrophage (D:5)
  2 gnoll sergeants (D:4)
  3 scorpions
  A howler monkey (D:5)
  3 hounds
  An orc priest (D:3)
  2 iguanas
  An orc wizard (D:3)
  5 adders
  14 gnolls
  11 river rats
  4 worms
  A dart slug (D:2)
  9 orcs
  5 endoplasms
  3 giant cockroaches
  8 goblins
  6 hobgoblins
  11 ball pythons
  3 frilled lizards
  20 kobolds
  23 rats
146 creatures vanquished.

Notes
Turn   | Place    | Note
-------+----------+-------------------------------------------
     0 | D:1      | Hubris850 the Hill Orc Hunter began the quest for the Orb.
     0 | D:1      | Reached XP level 1. HP: 18/18 MP: 1/1
    57 | D:1      | Found Mugenye's Jewellery Boutique.
   169 | D:1      | Found Bangin's Jewellery Shop.
   404 | D:1      | Reached skill level 4 in Ranged Weapons
   404 | D:1      | Reached XP level 2. HP: 25/25 MP: 2/2
   577 | D:1      | Found Yheup's Distillery.
  1708 | D:2      | Reached XP level 3. HP: 30/30 MP: 3/3
  2284 | D:3      | Found the +9 heavy crossbow "Sniper" {vorpal, Acc+∞ SInv}
  2548 | D:3      | Reached skill level 5 in Ranged Weapons
  2548 | D:3      | Reached XP level 4. HP: 37/37 MP: 4/4
  2989 | D:4      | Noticed a gnoll sergeant
  2990 | D:4      | Reached XP level 5. HP: 42/42 MP: 5/5
  2992 | D:4      | Reached skill level 6 in Ranged Weapons
  3068 | D:4      | Found a bloodstained altar of Trog.
  3103 | D:4      | Reached XP level 6. HP: 50/50 MP: 6/6
  3431 | D:4      | Found a staircase to the Ecumenical Temple.
  3582 | D:4      | Reached skill level 7 in Ranged Weapons
  3762 | D:5      | Entered Level 5 of the Dungeon
  3781 | D:5      | Reached XP level 7. HP: 56/56 MP: 7/7
  3802 | D:5      | Reached skill level 8 in Ranged Weapons
  3940 | D:5      | Found a glowing drain.
  3953 | Sewer    | Entered a sewer
  3994 | Sewer    | Gained mutation: You are dopey. (Int -2) [potion of
                  | mutation]
  3994 | Sewer    | Gained mutation: You expend magic power (3 MP) to
                  | strengthen your wands. [potion of mutation]
  4140 | Sewer    | Reached XP level 8. HP: 54/62 MP: 8/8
  4200 | Sewer    | Reached skill level 9 in Ranged Weapons
  4505 | D:5      | Noticed a wyvern
  4508 | D:5      | Killed a wyvern
  4509 | D:5      | Reached skill level 10 in Ranged Weapons
  4769 | D:6      | Noticed Prince Ribbit
  4773 | D:6      | Killed Prince Ribbit
  4807 | D:6      | Reached skill level 11 in Ranged Weapons
  4807 | D:6      | Reached XP level 9. HP: 60/68 MP: 9/9
  5004 | D:6      | HP: 2/68 [gnoll sergeant/+0 spear (6)]
  5004 | D:6      | Mangled by a gnoll sergeant

Illustrated notes

Levels and vault maps discovered:
D:1:      ncdulo_watergridlock, layout_basic, serial_forest,
          infiniplex_forest_end_3, infiniplex_forest_lined_room_,
          infiniplex_forest_clump_medium, infiniplex_forest_zigzag_2,
          infiniplex_forest_straight_3, infiniplex_forest_clump_tiny,
          serial_shops, nicolae_shop_statue_plus, shop_fountains, shop
D:2:      layout_basic, minmay_pentomino_pile
D:3:      layout_loops_corners
D:4:      layout_rooms, trog_hazing_becter, minmay_temple_entry_from_below_a,
          st_stairs_1
D:5:      layout_rooms, portal_sewer_entry_b
D:6:      layout_basic, zin_statuary, chequers_temple_overflow_minitemple,
          uniq_pikel, uniq_prince_ribbit1

Skill      XL: |  1  2  3  4  5  6  7  8 |
---------------+-------------------------+-----
Ranged Weapons | 4 5 6 7 8 11 | 11.2
Fighting       | |  2.4
Dodging        | |  1.5
Stealth        | |  0.7

Action                   |  1- 3 |  4- 6 |  7- 9 || total
-------------------------+-------+-------+-------++-------
 Fire: Shortbow          |    76 |       |       ||    76
       Heavy crossbow    |     4 |    50 |   103 ||   157
  Use: Potion            |       |       |     3 ||     3
Armor: Leather armour    |    10 |       |    26 ||    36
Dodge: Dodged            |    15 |     1 |    44 ||    60

Table legend: (Time is in decaauts)
 A = Elapsed time spent in this place.
 B = Non-inter-level travel time spent in this place.
 C = Inter-level travel time spent in this place.
 D = Time resting spent in this place.
 E = Time spent auto-exploring this place.
 F = Levels seen in this place.
 G = Mean time per level.
                   A        B        C        D        E       F      G
               +--------+--------+--------+--------+--------+-----+--------+
         Total |   5255 |   5148 |    107 |    776 |   3441 |   7 |  750.7 |
       Dungeon |   4739 |   4632 |    107 |    676 |   3351 |   6 |  789.8 |
         Sewer |    516 |    516 |      0 |    100 |     90 |   1 |  516.0 |
               +--------+--------+--------+--------+--------+-----+--------+

Top non-repeatable levels by time:
     D:2: 1217 daAuts
     D:4: 963 daAuts
     D:1: 889 daAuts
     D:3: 781 daAuts
     D:5: 625 daAuts
   Sewer: 516 daAuts
     D:6: 261 daAuts
